 Dungeon Crawl Stone Soup version 0.28.0-62-gf88900778d (webtiles) character file.

Game seed: 9648674116670809363

237 Coron the Sneak (level 5, -2/50 HPs)
             Began as a Deep Dwarf Delver on Apr 2, 2023.
             Slain by an iguana (11 damage)
             ... on level 4 of the Dungeon.
             The game lasted 00:10:14 (3189 turns).

Coron the Sneak (Deep Dwarf Delver)                 Turns: 3189, Time: 00:10:15

Health: -2/50      AC:  8    Str: 17    XL:     5   Next: 77%
Magic:  5/5        EV: 11    Int: 11    God:
Gold:   176        SH:  0    Dex: 14    Spells: 4/4 levels left

rFire   . . .      SeeInvis .   a - +0 hand axe
rCold   . . .      Faith    .   (no shield)
rNeg    . . .      Spirit   .   z - +1 ring mail of Imperfection {rElec}
rPois   .          Reflect  .   (no helmet)
rElec   +          Harm     .   (no cloak)
rCorr   .          Rampage  .   (no gloves)
Will    .....                   o - +0 pair of boots
Stlth   +++.......              (no amulet)
HPRegen 0.00/turn               (no ring)
MPRegen 0.09/turn               (no ring)

@: no status effects
A: damage resistance, heal wounds, sense surroundings 1, no regeneration
a: Heal Wounds


You were on level 4 of the Dungeon.
You visited 1 branch of the dungeon, and saw 5 of its levels.

You collected 176 gold pieces.

Inventory:

Hand Weapons
 a - a +0 hand axe (weapon)
 n - a +0 hunting sling
Missiles
 h - 8 poisoned darts
 m - 154 stones
 w - 30 sling bullets
Armour
 b - a +0 leather armour
 k - a +0 ring mail
 o - a +0 pair of boots (worn)
 x - a +0 chain mail
 z - the +1 ring mail of Imperfection (worn) {rElec}
   (You found it on level 4 of the Dungeon)

   rElec:     It insulates you from electricity.
Jewellery
 A - a ring of fire
 B - a ring of magical power
Wands
 g - a wand of digging (3)
Scrolls
 c - a scroll of fog
 d - 2 scrolls of magic mapping
 e - a scroll of fear
 i - a scroll of noise {unknown}
 l - a scroll of teleportation
 p - a scroll of immolation {unknown}
 q - a scroll of amnesia
 r - a scroll of summoning {unknown}
 v - a scroll of enchant armour {unknown}
 y - a scroll of brand weapon {unknown}
 C - a scroll of identify
Potions
 f - a potion of haste
 j - a potion of resistance {unknown}
 s - a potion of attraction
 t - 3 potions of might
 u - a potion of curing


   Skills:
 - Level 4.0 Fighting
 - Level 3.0 Axes
 + Level 3.9 Armour
 - Level 3.0 Dodging
 - Level 6.3 Stealth


You had 4 spell levels left.
You didn't know any spells.
Your spell library contained the following spells:

 Spells                   Type           Power      Damage    Failure   Level
 Dazzling Flash           Conj/Hex       0%         N/A       88%         3
 Agony                    Necr           0%         N/A       100%        5
 Silence                  Hex/Air        0%         N/A       100%        5


Dungeon Overview and Level Annotations

Branches:
Dungeon (5/15)
 Temple: D:4-7

Altars:
Dithmenos
Gozag

Shops:
D:2 =   D:3 *


Innate Abilities, Weirdness & Mutations

You are resistant to damage.
You can heal yourself by infusing magical energy.
You passively map a small area around you.
You do not regenerate.


Message History

Found a ring mail.
Done exploring.
Done exploring.
Done exploring.
You see here a +0 ring mail.
You see here a +0 dagger.
There is a stone staircase leading down here.
You climb downwards.
The gnoll shouts! x3; The iguana hisses angrily.
The gnoll hits you from afar with a +0 halberd!
The iguana bites you.
A gnoll comes into view. It is wielding a +0 spear.
The gnoll shouts!
There is a stone staircase leading up, spattered with blood here.
The iguana misses you.
You climb upwards.
There is a stone staircase leading down here.
Okay, then.
You barely miss the iguana. The iguana barely misses you.
You hit the iguana.
The iguana is lightly wounded.
The iguana bites you.
You barely miss the iguana.
The iguana is lightly wounded.
The iguana bites you but does no damage.
You barely miss the iguana.
The iguana is lightly wounded.
The iguana bites you!
You hit the iguana.
The iguana is moderately wounded.
The iguana bites you!
* * * LOW HITPOINT WARNING * * *
You hit the iguana but do no damage.
The iguana is moderately wounded.
The iguana barely misses you.
You hit the iguana.
The iguana is severely wounded.
The iguana bites you but does no damage.
The iguana bites you!
You die...

########## #........#
#.######.# ######### #.# #.#
........# ##.#### #.# #######.#
#.....# #.# ### #.#####.....#
#.# ..# #.........l.# #.# #.#
##.####...@.# #.# ### #.# #..>#
#.....# #.######.## #.# #...#
##...## #.........#
..#####...####..)####..#####..#
..##...<.....#.........# #..###
.......).....##...####.# #.....
####.........###..# #.# #.####
####...#### #..# #.# #.#
#....## #..# #.# ##.##


You could see an iguana.

Vanquished Creatures
  3 orc priests (D:4)
  2 gnolls (D:1)
  4 adders
  2 dart slugs
  10 orcs
  4 ball pythons
  3 bats
  7 endoplasms
  8 giant cockroaches
  6 goblins
  6 hobgoblins
  4 jackals (D:3)
  6 quokkas
  3 frilled lizards
  6 kobolds
  4 rats
78 creatures vanquished.

Notes
Turn   | Place    | Note
-------+----------+-------------------------------------------
     0 | D:5      | Coron the Deep Dwarf Delver began the quest for the Orb.
     0 | D:5      | Reached XP level 1. HP: 20/20 MP: 1/1
    13 | D:5      | Noticed a scorpion
    48 | D:2      | You fall into a shaft and drop 1 floor!
    48 | D:3      | Found a shadowy altar of Dithmenos.
    89 | D:3      | Found Gozag's Platinum Reserve.
    89 | D:3      | Found an opulent altar of Gozag.
   236 | D:1      | Reached XP level 2. HP: 24/27 MP: 2/2
   833 | D:1      | Reached XP level 3. HP: 32/34 MP: 3/3
  1048 | D:1      | Reached skill level 1 in Armour
  1351 | D:2      | Reached XP level 4. HP: 35/42 MP: 4/4
  1438 | D:2      | Found Fapoweus's Jewellery Boutique.
  2343 | D:4      | Reached XP level 5. HP: 26/50 MP: 5/5
  2529 | D:4      | Identified the +1 ring mail of Imperfection {rElec}
  3189 | D:4      | Slain by an iguana

Illustrated notes

Levels and vault maps discovered:
D:1:      scummos_arrival_star, layout_basic
D:2:      layout_rooms, serial_shops, nicolae_shop_hallway_stairs,
          minmay_pentomino_q2
D:3:      layout_loops_ring, grunt_dithmenos_smoke,
          nicolae_gozag_zags_fifth_avenue, nrook_campfire,
          chequers_serial_rivers_room_b
D:4:      layout_loops_ring
D:5:      layout_gridville, mainiacjoe_overflow_catwalk, grunt_ministairs_15,
          chequers_serial_rivers_micro_a, minmay_misc_feat_tiny

Skill      XL: |  1  2  3  4  5 |
---------------+----------------+-----
Fighting       | 3 4 |  4.0
Axes           | 3 |  3.0
Dodging        | 3 |  3.0
Armour         | 2 3 |  3.9
Stealth        | |  6.3

Action                   |  1- 3 |  4- 6 || total
-------------------------+-------+-------++-------
Melee: Hand axe          |   121 |   126 ||   247
       Punch             |     3 |       ||     3
 Fire: Hunting sling     |     8 |     4 ||    12
 Abil: Heal Wounds       |     2 |     3 ||     5
  Use: Scroll            |     1 |     4 ||     5
 Stab: Sleeping          |     9 |    11 ||    20
       Distracted        |     1 |       ||     1
Armor: Leather armour    |    32 |    15 ||    47
       Ring mail         |       |    16 ||    16
Dodge: Dodged            |    68 |    76 ||   144
